 Dungeon Crawl Stone Soup version 0.30-a0-134-gb40fab5c76 (webtiles) character file.

Game seed: 12951203262138128989

163 Kinoniko the Shooter (level 5, 3/38 HPs)
             Began as a Formicid Hunter on Sept 20, 2022.
             Quit the game on level 3 of the Dungeon.
             The game lasted 00:02:22 (1705 turns).

Kinoniko the Shooter (Formicid Hunter)              Turns: 1705, Time: 00:02:22

Health: 3/38       AC:  8    Str: 16    XL:     5   Next: 72%
Magic:  5/5        EV:  7    Int:  8    God:
Gold:   112        SH:  0    Dex: 19    Spells: 4/4 levels left

rFire   . . .      SeeInvis +    a - +0 shortbow
rCold   . . .      Faith    .    (no shield)
rNeg    . . .      Spirit   .    f - +0 chain mail
rPois   .          Reflect  .    (helmet unavailable)
rElec   .          Harm     .    (no cloak)
rCorr   .          Rampage  .    (no gloves)
Will    .....                    (no boots)
Stlth   ..........               e - amulet of the acrobat
HPRegen 0.12/turn                (no ring)
MPRegen 0.09/turn                (no ring)

@: no status effects
A: permanent stasis, dig shafts and tunnels, antennae 3, four strong arms
a: Dig, Shaft Self


You were on level 3 of the Dungeon.
You visited 1 branch of the dungeon, and saw 3 of its levels.

You collected 112 gold pieces.

Inventory:

Hand Weapons
 a - a +0 shortbow (weapon)
 s - a +1 dagger of flaming
Armour
 c - a +0 leather armour
 f - a +0 chain mail (worn)
 i - a +0 ring mail
Jewellery
 e - an amulet of the acrobat (around neck)
Scrolls
 b - a scroll of immolation
 g - a scroll of teleportation {unknown}
 h - a scroll of brand weapon {unknown}
 k - a scroll of identify {unknown}
 l - a scroll of fear {unknown}
 m - 2 scrolls of enchant armour {unknown}
 o - a scroll of fog {unknown}
 p - a scroll of torment {unknown}
 q - a scroll of summoning {unknown}
Potions
 d - a potion of haste {unknown}
 j - 3 potions of heal wounds {unknown}
 n - a potion of lignification {unknown}
 r - a potion of degeneration {unknown}


   Skills:
 - Level 2.1 Fighting
 * Level 6.5 Ranged Weapons
 - Level 1.7 Dodging
 - Level 1.2 Stealth


You had 4 spell levels left.
You didn't know any spells.
Your spell library was empty.

Dungeon Overview and Level Annotations

Branches:
Dungeon (3/15)

Altars:


Innate Abilities, Weirdness & Mutations

You cannot be hasted, slowed, berserked, paralysed or teleported.
You can dig through walls and to a lower floor.
You have a pair of large antennae on your head. (SInv)
Your four strong arms can wield two-handed weapons with a shield.


Message History

The gnoll is heavily wounded.
You shoot an arrow. The arrow completely misses the gnoll.
The gnoll barely misses you.
You shoot an arrow. The arrow hits the gnoll.
The gnoll is severely wounded.
The gnoll hits you but does no damage.
You shoot an arrow. The arrow hits the gnoll.
The gnoll is almost dead.
The gnoll hits you with a +0 flail. x2
You shoot an arrow. The arrow closely misses the gnoll.
The gnoll hits you but does no damage. The gnoll hits you with a +0 flail. x3
You shoot an arrow. The arrow completely misses the gnoll.
The gnoll hits you with a +0 flail. The gnoll hits you with a +0 flail!
You are too injured to fight recklessly!
You are too injured to fight recklessly!
You are too injured to fight recklessly!
You are too injured to fight recklessly!
You are too injured to fight recklessly!
The gnoll attacks as you move away! The gnoll hits you but does no damage.
You are too injured to fight recklessly!
You are too injured to fight recklessly!
You are too injured to fight recklessly!
The gnoll attacks as you move away! The gnoll misses you.
You are too injured to fight recklessly!
You are too injured to fight recklessly!
Things that are here:
a +0 whip; a gnoll corpse You are too injured to fight recklessly!
You shoot an arrow. The arrow hits the gnoll.
The gnoll is heavily wounded.
The gnoll hits you with a +0 flail!
* * * LOW HITPOINT WARNING * * *
The gnoll closely misses you.
You shoot an arrow. The arrow barely misses the gnoll.
The arrow hits the gnoll but does no damage.
The gnoll is almost dead.
The gnoll hits you but does no damage. The gnoll hits you with a +0 flail.
* * * LOW HITPOINT WARNING * * *
Unknown command.
Are you sure you want to abandon this character and quit the game? (Confirm with "yes".)

†.......#
.......## .#
.......### .#
.........########
.#
.......#........#
.#
.......########.#
.# .......# #.#
.# .#######
#.####.###### .
#.@gg(......#
######.####.# .#
.# )# .# .. ..


You could see 2 gnolls.

Vanquished Creatures
  Natasha (thrice) (D:2)
  3 gnolls
  An adder (D:3)
  2 worms (D:2)
  5 ball pythons
  7 endoplasms
  5 goblins
  6 hobgoblins
  5 kobolds (D:2)
  3 quokkas
  A bat (D:1)
  A frilled lizard (D:2)
  3 rats
45 creatures vanquished.

Vanquished Creatures (others)
  6 plants (D:2)
6 creatures vanquished.

Grand Total: 51 creatures vanquished

Notes
Turn   | Place    | Note
-------+----------+-------------------------------------------
     0 | D:1      | Kinoniko the Formicid Hunter began the quest for the Orb.
     0 | D:1      | Reached XP level 1. HP: 16/16 MP: 1/1
    40 | D:1      | Reached XP level 2. HP: 22/22 MP: 2/2
    94 | D:1      | Reached XP level 3. HP: 27/27 MP: 3/3
   286 | D:1      | Reached skill level 5 in Ranged Weapons
   358 | D:1      | Found a faded altar of an unknown god.
   957 | D:2      | Reached XP level 4. HP: 23/33 MP: 4/4
  1252 | D:2      | Noticed Natasha
  1259 | D:2      | Killed Natasha
  1361 | D:2      | Noticed Natasha
  1364 | D:2      | Killed Natasha
  1365 | D:2      | Reached skill level 6 in Ranged Weapons
  1365 | D:2      | Reached XP level 5. HP: 38/38 MP: 5/5
  1524 | D:2      | Noticed Natasha
  1530 | D:2      | Killed Natasha
  1705 | D:3      | Quit the game

Illustrated notes

Levels and vault maps discovered:
D:1:      dpeg_arrival_boxorama, layout_rooms,
          dreamdust_ecumenical_altar_angels_and_demons
D:2:      layout_rooms, serial_forest, infiniplex_forest_clump_double,
          infiniplex_forest_lined_1, infiniplex_forest_pool,
          infiniplex_forest_clump_diagonal, infiniplex_forest_clump_medium,
          infiniplex_forest_corner_2, infiniplex_forest_end_2,
          infiniplex_forest_clump_double, uniq_natasha
D:3:      layout_loops_ring, uniq_jessica, uniq_sigmund

Skill      XL: |  1  2  3  4 |
---------------+-------------+-----
Ranged Weapons | 5 6 |  6.5
Fighting       | |  2.1
Dodging        | |  1.7
Stealth        | |  1.2

Action                   |  1- 3 |  4- 6 || total
-------------------------+-------+-------++-------
 Fire: Shortbow          |    78 |    54 ||   132
 Abil: Dig               |     1 |       ||     1
Armor: Chain mail        |    14 |    11 ||    25
Dodge: Dodged            |    13 |    12 ||    25

Table legend: (Time is in decaauts)
 A = Elapsed time spent in this place.
 B = Non-inter-level travel time spent in this place.
 C = Inter-level travel time spent in this place.
 D = Time resting spent in this place.
 E = Time spent auto-exploring this place.
 F = Levels seen in this place.
 G = Mean time per level.
                   A        B        C        D        E       F      G
               +--------+--------+--------+--------+--------+-----+--------+
         Total |   1790 |   1739 |     51 |      0 |   1406 |   3 |  596.7 |
       Dungeon |   1790 |   1739 |     51 |      0 |   1406 |   3 |  596.7 |
               +--------+--------+--------+--------+--------+-----+--------+

Top non-repeatable levels by time:
     D:2: 991 daAuts
     D:1: 662 daAuts
     D:3: 136 daAuts
